 Dungeon Crawl Stone Soup version 0.29-a0-857-g9b1aa3ac5b (webtiles) character file.

Game seed: 12515449420970151838

7320 buhh the Transmogrifier (level 11, -1/90 HPs)
             Began as an Octopode Transmuter on July 16, 2022.
             Was a Priest of Cheibriados.
             Slain by a blink frog (7 damage)
             ... on level 1 of the Lair of Beasts.
             The game lasted 00:32:17 (6191 turns).

buhh the Transmogrifier (Octopode Transmuter)       Turns: 6191, Time: 00:32:18

Health: -1/90      AC:  9    Str: 21    XL:     11   Next: 13%
Magic:  21/23      EV: 20    Int: 24    God:    Cheibriados [***...]
Gold:   304        SH:  0    Dex: 26    Spells: 4/14 levels left

rFire   x . .      SeeInvis +     - Unarmed
rCold   + + +      Faith    .   (shield currently unavailable)
rNeg    . . .      Spirit   .   (helmet currently unavailable)
rPois   +          Reflect  .   (no amulet)
rElec   .          Harm     .   y - +4 ring of evasion
rCorr   .          Rampage  .   u - ring of the Shrike {MP+9 Str+4 Int-3 Dex+4}
Will    +....                   E - ring of see invisible
Stlth   +++.......              i - ring of willpower
HPRegen 0.25/turn               (no ring)
MPRegen 0.18/turn               (no ring)
                                (no ring)
                                (no ring)

@: about to teleport, ice-form, wereblooded, very slow
A: freezing attack, boosted hp, almost no armour, amphibious, 8 rings, large,
(camouflage 1), (gelatinous body 1), (nimble swimmer 1), (tentacles)
a: End Transformation, Renounce Religion, Bend Time, Temporal Distortion


You were on level 1 of the Lair of Beasts.
You worshipped Cheibriados.
Cheibriados was most pleased with you.
You were a creature of crystalline ice.
You visited 3 branches of the dungeon, and saw 12 of its levels.
You also visited: Sewer and Ossuary.

You collected 678 gold pieces.
You spent 374 gold pieces at shops.

Inventory:

Missiles
 z - 2 throwing nets
 G - 3 poisoned darts
Magical Staves
 m - a staff of poison
Jewellery
 i - a ring of willpower (on tentacle)
 u - the ring of the Shrike (right front paw) {MP+9 Str+4 Int-3 Dex+4}
   (You acquired it on level 5 of the Dungeon)

   [ring of magical power]

   Str:       It affects your strength (+4).
   Int:       It affects your intelligence (-3).
   Dex:       It affects your dexterity (+4).
   MP:        It affects your magic capacity (+9).
 y - a +4 ring of evasion (left front paw)
 E - a ring of see invisible (on tentacle)
 H - a ring of fire
Wands
 j - a wand of roots (4)
 C - a wand of polymorph (4)
 D - a wand of paralysis (6)
Scrolls
 a - 2 scrolls of identify {!d}
 b - 2 scrolls of blinking {!d}
 c - 4 scrolls of teleportation {!d!d}
 d - 2 scrolls of poison {unknown}
 e - 2 scrolls of noise
 g - 2 scrolls of amnesia
 h - 5 scrolls of enchant armour
 l - 2 scrolls of immolation {!r}
 o - 2 scrolls of brand weapon
 p - a scroll of fear {unknown}
 q - a scroll of summoning {unknown}
 x - a scroll of enchant weapon {unknown}
Potions
 f - a potion of cancellation {unknown}
 k - 5 potions of curing {unknown}
 n - a potion of lignification {!d}
 r - a potion of mutation {unknown}
 s - 4 potions of attraction
 t - 2 potions of degeneration {unknown}
 v - 4 potions of heal wounds {unknown}
 w - a potion of invisibility {unknown}
 A - 3 potions of might {unknown}
 B - a potion of brilliance {unknown}
Miscellaneous
 F - a condenser vane (inert)


   Skills:
 - Level 7.0 Fighting
 + Level 8.0 Dodging
 - Level 2.0 Stealth
 + Level 8.0 Unarmed Combat
 - Level 2.0 Spellcasting
 * Level 9.3 Transmutations
 - Level 6.0 Ice Magic
 - Level 1.0 Poison Magic


You had 4 spell levels left.
You knew the following spells:

 Your Spells              Type           Power      Damage    Failure   Level
a - Beastly Appendage     Tmut           94%        N/A       1%          1
b - Wereblood             Tmut           47%        N/A       1%          2
c - Spider Form           Tmut/Pois      27%        N/A       4%          3
d - Ice Form              Ice/Tmut       39%        N/A       5%          4

Your spell library contained the following spells:

 Spells                   Type           Power      Damage    Failure   Level
 Apportation              Tloc           4%         N/A       12%         1
 Necrotise                Necr           8%         1d4       12%         1
 Summon Small Mammal      Summ           8%         N/A       12%         1
 Blink                    Tloc           4%         N/A       19%         2
 Static Discharge         Conj/Air       2%         3-4/arc   19%         2
 Call Canine Familiar     Summ           2%         N/A       34%         3
 Summon Guardian Golem    Hex/Summ       2%         N/A       34%         3
 Olgreb's Toxic Radiance  Pois           7%         N/A       61%         4
 Airstrike                Air            1%         0-2+      75%         4
 Summon Lightning Spire   Summ/Air       2%         N/A       75%         4
 Lightning Bolt           Conj/Air       1%         1d12      97%         5
 Manifold Assault         Tloc           2%         N/A       97%         5
 Ozocubu's Refrigeration  Ice            15%        4d8       100%        7
 Storm Form               Tmut/Air       12%        N/A       100%        7
 Ignition                 Fire           1%         3d3       100%        8
 Maxwell's Capacitive Co  Air            1%         ∞         100%        8


Dungeon Overview and Level Annotations

Branches:
Dungeon (9/15) Zot: 40127  Temple (1/1) D:7 Zot: 8940    Lair (2/6) D:8 Zot: 17611
  Sewer (visited)         Ossuary (visited)
  Swamp: Lair:2-4    Shoals: Lair:2-4     Snake: Lair:2-4    Spider: Lair:2-4
    Orc: D:9-12

Altars:
Ashenzari
Cheibriados
Elyvilon
Okawaru
Ru
Sif Muna
Trog
Uskayaw
Vehumet
Zin
The Shining One

Shops:
D:5 :   D:8 [

Annotations:
D:4 exclusion: lemure, Pikel
D:6 exclusion: steam dragon


Innate Abilities, Weirdness & Mutations

You are a creature of crystalline ice.
You have a powerful freezing melee attack.
Your maximum health is increased.
Your armour is entirely melded.
You are incapable of wielding weapons or throwing items.
You cannot wear most types of armour.
You are amphibious.
You can wear up to eight rings at the same time.
((Your skin changes colour to match your surroundings (Stealth+).))
((Your rubbery body absorbs attacks. (AC +1, EV +1)))
((You are camouflaged when in or above water. (Stealth+)))
((You have tentacles for arms and can constrict up to eight enemies at once.))


Message History

A blink frog comes into view.
The blink frog croaks.
The blink frog gives a loud, deep croak!
You hear a croak. x2
A blink frog comes into view. x2
You see here 2 poisoned darts.
The blink frog blinks! x2; The blink frog closely misses you.
The blink frog gives a loud, deep croak!
You hit the blink frog.
The blink frog seems to slow down.
You freeze the blink frog.
The blink frog is moderately wounded.
You hear a loud, deep croak!
You hear an angry hiss.
You punch the blink frog!
The blink frog seems to slow down.
You freeze the blink frog.
The blink frog is heavily wounded.
The blink frog hits you but does no damage.
The blink frog completely misses you.
Your blood is infused with primal strength.
The blink frog blinks!
The blink frog completely misses you.
A komodo dragon comes into view.
The blink frog misses you.
The blink frog blinks!
You barely miss the blink frog. The blink frog hits you.
The blink frog hits you!
As you read the scroll of teleportation {!d!d}, it crumbles to dust.
You feel strangely unstable.
The blink frog is no longer moving slowly.
The blink frog closely misses you. The blink frog hits you!
* * * LOW HITPOINT WARNING * * *
The blink frog closely misses you.
The blink frog attacks as you move away!
The blink frog misses you.
The blink frog attacks as you move away!
The blink frog hits you!
* * * LOW HITPOINT WARNING * * *
The blink frog blinks!
The blink frog barely misses you.
A blink frog comes into view.
The blink frog hits you!
* * * LOW HITPOINT WARNING * * *
The blink frog blinks!
The blink frog hits you!
You die...

....## .##....#######
###
#...l........#####....
.F#?F.......#..#....
#......F...........
##..................
#..§................
##.§F(......†.......
#.YF.........##....
#.........>...####.
#..........[...#
#.............##
##............#
##...........# .
#...........## #
##...........#
###........##


You could see 5 blink frogs.

Vanquished Creatures
  Erica (Lair:1)
  A cane toad (Lair:1)
  A komodo dragon (D:8)
  Grinder (D:5)
  Prince Ribbit (D:7)
  2 wyverns (D:8)
  10 yaks
  A basilisk (D:8)
  2 steam dragons
  2 water moccasins
  A swamp drake (D:8)
  An ice beast (D:8)
  2 black bears
  5 wolves
  A centaur (D:7)
  An elf zombie (Ossuary)
  10 bullfrogs
  A kobold brigand (D:8)
  A wyvern zombie (D:9)
  A gnoll sergeant (D:8)
  An elf skeleton (D:7)
  3 scorpions
  12 wights
  2 howler monkeys (D:9)
  2 centaur zombies
  A human zombie (Ossuary)
  4 hounds
  A jelly (D:8)
  2 orc priests
  An iguana (D:5)
  An orc wizard (D:5)
  A human skeleton (D:7)
  2 mummies (Ossuary)
  18 adders
  10 river rats
  2 shadow imps
  A white imp (D:8)
  2 ufetubi
  An adder zombie (Ossuary)
  A worm (D:2)
  2 dart slugs
  20 orcs
  15 ball pythons
  9 endoplasms
  4 giant cockroaches
  3 hobgoblins (D:1)
  5 jackals
  17 kobolds
  2 bats
  2 frilled lizards
  5 goblins
  2 goblin zombies (Ossuary)
  9 hobgoblin zombies (Ossuary)
  A jackal zombie (Ossuary)
  7 kobold zombies (Ossuary)
  3 orc skeletons (D:7)
  11 orc zombies
  27 rats
  4 rat zombies (Ossuary)
262 creatures vanquished.

Vanquished Creatures (others)
  5 toadstools (D:1)
5 creatures vanquished.

Grand Total: 267 creatures vanquished

Notes
Turn   | Place    | Note
-------+----------+-------------------------------------------
     0 | D:1      | buhh the Octopode Transmuter began the quest for the Orb.
     0 | D:1      | Reached XP level 1. HP: 13/13 MP: 3/3
     0 | D:1      | Noticed an iron dragon
     0 | D:1      | Noticed an ice dragon
     1 | D:1      | Noticed an iron dragon
     4 | D:1      | Noticed an orb of fire
     4 | D:1      | Noticed a large abomination
     6 | D:1      | Noticed a shadow dragon
     8 | D:1      | Noticed a black draconian
    10 | D:1      | Noticed a shadow dragon
    12 | D:1      | Noticed a shadow dragon
    12 | D:1      | Noticed an ice dragon
    14 | D:1      | Noticed an ice dragon
    16 | D:1      | Noticed a large abomination
    18 | D:1      | Noticed an orb of fire
    18 | D:1      | Noticed a purple draconian
    20 | D:1      | Noticed an ice dragon
   144 | D:1      | Reached skill level 1 in Stealth
   214 | D:1      | Reached XP level 2. HP: 18/18 MP: 3/5
   316 | D:1      | Reached skill level 1 in Poison Magic
   704 | D:2      | Learned a level 2 spell: Wereblood
   792 | D:2      | Reached XP level 3. HP: 19/23 MP: 4/6
   883 | D:2      | You fall into a shaft and drop 2 floors!
   915 | D:4      | Noticed Pikel
   915 | D:4      | Noticed a lemure
  1080 | D:4      | Learned a level 3 spell: Spider Form
  1096 | D:4      | Reached XP level 4. HP: 21/29 MP: 3/7
  1411 | D:5      | Entered Level 5 of the Dungeon
  1672 | D:5      | Reached XP level 5. HP: 21/35 MP: 5/8
  2512 | D:4      | Noticed a lemure
  2629 | D:5      | Noticed Grinder
  2655 | D:5      | Reached XP level 6. HP: 42/42 MP: 7/9
  2658 | D:5      | Paralysed by Grinder for 5 turns
  2667 | D:5      | Killed Grinder
  2668 | D:5      | Reached skill level 3 in Transmutations
  2668 | D:5      | Reached XP level 7. HP: 46/46 MP: 10/10
  2721 | D:5      | Identified a scroll of acquirement
  2723 | D:5      | Acquired the ring of the Shrike {MP+9 Str+4 Int-3 Dex+4}
  2747 | D:5      | Found Ysugauz's Book Shoppe.
  2879 | D:6      | Found a glowing drain.
  2898 | Sewer    | Entered a sewer
  2949 | Sewer    | Reached skill level 4 in Transmutations
  3192 | Sewer    | Reached skill level 5 in Unarmed Combat
  3247 | Sewer    | Reached XP level 8. HP: 54/54 MP: 11/11
  3366 | D:5      | Found a shimmering blue altar of Sif Muna.
  3453 | D:5      | Reached skill level 5 in Transmutations
  3468 | D:5      | Learned a level 4 spell: Ice Form
  3549 | D:5      | Reached skill level 1 in Ice Magic
  3565 | D:5      | Bought an Inescapable Atlas for 374 gold pieces
  3955 | D:7      | Found a staircase to the Ecumenical Temple.
  4033 | D:7      | Reached skill level 5 in Dodging
  4149 | D:7      | Found a sand-covered staircase.
  4154 | Ossuary  | Entered an ossuary
  4470 | D:7      | Reached skill level 6 in Transmutations
  4535 | D:7      | Found a broken altar of Ashenzari.
  4537 | D:7      | Found a hide-covered altar of Uskayaw.
  4539 | D:7      | Noticed Prince Ribbit
  4645 | D:7      | Reached skill level 5 in Fighting
  4645 | D:7      | Reached XP level 9. HP: 59/61 MP: 12/12
  4653 | Temple   | Entered the Ecumenical Temple
  4685 | Temple   | Became a worshipper of Cheibriados the Contemplative
  5010 | D:7      | Killed Prince Ribbit
  5167 | D:7      | Reached * piety under Cheibriados
  5168 | D:7      | Reached skill level 5 in Ice Magic
  5487 | D:8      | Found Xoipp's Armour Emporium.
  5497 | D:8      | Reached ** piety under Cheibriados
  5542 | D:8      | Reached XP level 10. HP: 68/68 MP: 13/13
  5745 | D:8      | Acquired a ring of see invisible
  5748 | D:8      | Acquired a ring of willpower
  5800 | D:8      | Reached skill level 7 in Transmutations
  5837 | D:8      | Found a staircase to the Lair.
  5901 | Lair:1   | Entered Level 1 of the Lair of Beasts
  5922 | D:8      | Reached *** piety under Cheibriados
  5987 | Lair:1   | Noticed a cane toad
  5992 | Lair:1   | Killed a cane toad
  5993 | Lair:1   | Reached skill level 8 in Transmutations
  6008 | Lair:1   | Noticed Erica
  6020 | Lair:1   | Killed Erica
  6084 | Lair:1   | Reached XP level 11. HP: 36/75 MP: 14/14
  6086 | Lair:1   | Reached skill level 9 in Transmutations
  6166 | Lair:2   | Noticed a boulder beetle
  6191 | Lair:1   | Slain by a blink frog

Illustrated notes

Levels and vault maps discovered:
D:1:      shiori_arrival_whats_in_store_for_you, layout_basic,
          minmay_gold_behind_fungi
D:2:      layout_basic
D:3:      cheibrodos_helix_gallery, layout_loops_ring
D:4:      layout_basic, uniq_pikel
D:5:      layout_loops_ring, amcnicky_altar_gilded, serial_shops, shop,
          uniq_grinder
D:6:      layout_cave_pods, portal_sewer_entry_a
D:7:      layout_basic, grunt_temple_overflow_open,
          minmay_temple_entry_drinking_statues, nicolae_ossuary_entry_catacombs,
          due_unseen_surprise, uniq_prince_ribbit1
D:8:      minmay_evil_eye, layout_loops_ring, lemuel_coloured_pillars_altar,
          erik_lair_dragon, serial_shops, shop
D:9:      layout_cave_pods, nicolae_yredelemnul_corpse_copse,
          makhleb_altar_promises_db, corexii_checkpoint_a, uniq_maggie,
          uniq_maurice
Temple:   eino_temple_scatter_basement
Lair:1:   layout_cave_pods, hangedman_tree_tricks, minivault_27, uniq_erica
Lair:2:   layout_roguey

Skill      XL: |  1  2  3  4  5  6  7  8  9 10 11 |
---------------+----------------------------------+-----
Stealth        | 1 2 |  2.0
Poison Magic   | 1 |  1.0
Fighting       | 2 3 4 5 6 7 |  7.0
Dodging        | 3 4 5 6 7 8 |  8.0
Unarmed Combat | 4 5 6 7 8 |  8.0
Transmutations | 3 4 6 8 9 |  9.3
Ice Magic      | 3 6 |  6.0
Spellcasting   | |  2.0

Action                   |  1- 3 |  4- 6 |  7- 9 | 10-12 || total
-------------------------+-------+-------+-------+-------++-------
Melee: Unarmed           |    64 |   110 |   385 |   104 ||   663
       Kick              |    16 |    10 |    12 |       ||    38
       Constrict         |    21 |    16 |    41 |       ||    78
       Tentacles         |    10 |    13 |    25 |     3 ||    51
       Punch             |       |     2 |     8 |       ||    10
 Cast: Beastly Appendage |    16 |    10 |     4 |     2 ||    32
       Spider Form       |     1 |     4 |    11 |       ||    16
       Wereblood         |       |     1 |    11 |     2 ||    14
       Ice Form          |       |       |    17 |    11 ||    28
Evoke: Wand              |       |     1 |     2 |     7 ||    10
       Condenser vane    |       |       |       |     1 ||     1
  Use: Scroll            |     5 |       |     9 |     3 ||    17
       Potion            |       |     1 |     7 |       ||     8
 Stab: Sleeping          |     7 |     1 |    10 |     1 ||    19
       Paralysed         |       |       |     1 |       ||     1
Armor: Skin              |     5 |    24 |    92 |    16 ||   137
Dodge: Dodged            |    42 |    73 |   275 |   114 ||   504

Table legend: (Time is in decaauts)
 A = Elapsed time spent in this place.
 B = Non-inter-level travel time spent in this place.
 C = Inter-level travel time spent in this place.
 D = Time resting spent in this place.
 E = Time spent auto-exploring this place.
 F = Levels seen in this place.
 G = Mean time per level.
                   A        B        C        D        E       F      G
               +--------+--------+--------+--------+--------+-----+--------+
         Total |   6546 |   6425 |    121 |    259 |    239 |  14 |  467.6 |
       Dungeon |   5452 |   5331 |    121 |    255 |    239 |   9 |  605.8 |
        Temple |     48 |     48 |      0 |      0 |      0 |   1 |   48.0 |
          Lair |    388 |    388 |      0 |      0 |      0 |   2 |  194.0 |
         Sewer |    396 |    396 |      0 |      4 |      0 |   1 |  396.0 |
       Ossuary |    261 |    261 |      0 |      0 |      0 |   1 |  261.0 |
               +--------+--------+--------+--------+--------+-----+--------+

Top non-repeatable levels by time:
     D:7: 1047 daAuts
     D:4: 873 daAuts
     D:8: 839 daAuts
     D:1: 616 daAuts
     D:5: 614 daAuts
     D:2: 528 daAuts
     D:3: 502 daAuts
   Sewer: 396 daAuts
  Lair:1: 384 daAuts
     D:6: 329 daAuts
 Ossuary: 261 daAuts
     D:9: 99 daAuts
  Temple: 48 daAuts
  Lair:2: 4 daAuts
